 Dungeon Crawl Stone Soup version 0.31-a0-1338-gb567cfdca4 (webtiles) character file.

Game seed: 6602689126765448601

2614 Rennog the Spear-Bearer (level 9, -2/68 HPs)
             Began as a Gnoll Wanderer on Dec 22, 2023.
             Was a Priest of Cheibriados.
             Slain by an unseen horror (9 damage)
             ... on level 7 of the Dungeon.
             The game lasted 00:14:35 (6207 turns).

Rennog the Spear-Bearer (Gnoll Wanderer)            Turns: 6207, Time: 00:14:36

Health: -2/68      AC:  2    Str: 22    XL:     9   Next: 60%
Magic:  17/19      EV: 21    Int: 17    God:    Cheibriados [***...]
Gold:   234        SH:  0    Dex: 24    Spells: 13/21 levels left

rFire   . . .        a - +2 spear
rCold   . . .        (no shield)
rNeg    . . .        d - +0 robe
rPois   .            (helmet currently unavailable)
rElec   .            b - melded +0 cloak
rCorr   .            (gloves currently unavailable)
SInv    .            C - melded +0 pair of boots
Will    .....        E - amulet of magic regeneration
Stlth   +++          g - +5 ring of evasion
HPRegen 0.31/turn    s - +6 ring of dexterity
MPRegen 0.56/turn

%: no passive effects
@: beast-form, on blink cooldown, inugami summoned, very slow
A: beast (slay +2), fangs 1, strong nose, distributed training
a: Begin Untransformation, Renounce Religion, Bend Time, Temporal Distortion


You were on level 7 of the Dungeon.
You worshipped Cheibriados.
Cheibriados was most pleased with you.
You were a hulking beast.
You visited 1 branch of the dungeon, and saw 7 of its levels.

You collected 234 gold pieces.

Inventory:

Hand Weapons
 a - a +2 spear (weapon)
Missiles
 o - 6 silver javelins
 v - 10 poisoned darts (quivered)
Armour
 b - a +0 cloak (melded)
 d - a +0 robe (worn)
 C - a +0 pair of boots (melded)
Jewellery
 g - a +5 ring of evasion (left hand)
 s - a +6 ring of dexterity (right hand)
 w - a +6 ring of dexterity
 x - a ring of positive energy
 y - a ring of positive energy
 E - an amulet of magic regeneration (around neck)
 J - a +6 ring of strength
Talismans
 h - a beast talisman (active)
 i - a blade talisman
Wands
 r - a wand of light (5)
 B - a wand of mindburst (5)
 D - a wand of charming (8)
 I - a wand of flame (8)
Scrolls
 c - 7 scrolls of teleportation {unknown}
 e - 2 scrolls of blinking {unknown}
 f - 3 scrolls of revelation {unknown}
 j - 2 scrolls of immolation {unknown}
 l - a scroll of fog {unknown}
 n - a scroll of noise {unknown}
 p - a scroll of silence {unknown}
 u - a scroll of enchant weapon {unknown}
 F - a scroll of brand weapon {unknown}
 G - a scroll of acquirement {unknown}
 H - a scroll of poison
Potions
 k - 4 potions of lignification {unknown}
 m - a potion of heal wounds {unknown}
 q - 2 potions of mutation {unknown}
 t - 2 potions of curing {unknown}
 z - a potion of attraction {unknown}
 A - a potion of degeneration {unknown}


   Skills:
 + Level 5.3 Fighting
 + Level 4.5 Short Blades
 + Level 4.5 Long Blades
 + Level 4.5 Axes
 + Level 4.5 Maces & Flails
 + Level 9.7 Polearms
 + Level 4.5 Staves
 + Level 4.5 Ranged Weapons
 + Level 4.5 Throwing
 + Level 4.5 Armour
 + Level 5.3 Dodging
 + Level 4.5 Stealth
 + Level 4.5 Shields
 + Level 4.5 Unarmed Combat
 + Level 6.8 Spellcasting
 + Level 3.8 Conjurations
 + Level 3.8 Hexes
 + Level 3.8 Summonings
 + Level 3.8 Necromancy
 + Level 5.4 Translocations
 + Level 3.8 Fire Magic
 + Level 3.8 Ice Magic
 + Level 3.8 Air Magic
 + Level 3.8 Earth Magic
 + Level 3.8 Alchemy
 + Level 5.0 Invocations
 + Level 4.5 Evocations
 + Level 4.1 Shapeshifting


You had 13 spell levels left.
You knew the following spells:

 Your Spells              Type           Power      Damage    Failure   Level
a - Apportation           Tloc           48%        N/A       1%          1
b - Blink                 Tloc           48%        N/A       1%          2
c - Call Canine Familiar  Summ           18%        N/A       8%          3
d - Call Imp              Summ           36%        N/A       3%          2

Your spell library contained the following spells:

 Spells                   Type           Power      Damage    Failure   Level
 Magic Dart               Conj           72%        1d6       2%          1
 Cigotuvi's Dreadful Rot  Necr/Alch/Air  36%        N/A       3%          2
 Mercury Vapours          Alch/Air       36%        N/A       3%          2
 Volatile Blastmotes      Fire/Tloc      42%        2d13      5%          3
 Frozen Ramparts          Ice            36%        1d6       8%          3
 Mephitic Cloud           Conj/Alch/Air  18%        N/A       8%          3
 Sigil of Binding         Hex            18%        N/A       8%          3
 Tukima's Dance           Hex            18%        N/A       8%          3
 Dimensional Bullseye     Hex/Tloc       10%        N/A       17%         4
 Iskenderun's Mystic Bla  Conj/Tloc      21%        2d6       17%         4
 Ignite Poison            Fire/Alch      18%        N/A       24%         4
 Leda's Liquefaction      Alch/Erth      9%         N/A       24%         4
 Petrify                  Alch/Erth      18%        N/A       24%         4
 Freezing Cloud           Conj/Ice/Air   9%         6-21      56%         5
 Metabolic Englaciation   Hex/Ice        9%         N/A       56%         5


Dungeon Overview and Level Annotations

Branches:
Dungeon (7/15)
 Temple: D:4-7

Altars:
Cheibriados
Elyvilon
Gozag
Hepliaklqana
Trog
Vehumet
Xom

Shops:
D:2 :


Innate Abilities, Weirdness & Mutations

You are a hulking beast.
Your limbs bulge with bestial killing power. (Slay +2)
You have very sharp teeth.
Your uncanny sense of smell can sniff out nearby items.
Your experience applies equally to all skills.


Message History

Something hits you! Something barely misses your inugami.
Something hits your inugami. Something barely misses you.
Your inugami hits something. Something closely misses you.
Your inugami hits something but does no damage.
Your inugami barely misses something.
Something hits you!
Your inugami closely misses something.
Something closely misses you. Something barely misses you.
Your inugami hits something.
Your inugami hits something but does no damage.
You swap places.
Something hits you. Something hits your inugami.
Your inugami barely misses something.
Something hits your inugami. Something misses your inugami.
Things that are here:
a +0 robe; a +0 spear Something hits your inugami but does no damage.
Your inugami hits something.
Something hits your inugami but does no damage.
Your inugami closely misses something.
Something barely misses your inugami.
Your inugami misses something. Something hits you.
Something closely misses your inugami.
Your inugami closely misses something.
Something hits you! Something hits you.
* * * LOW HITPOINT WARNING * * *
Something hits you!
* * * LOW HITPOINT WARNING * * *
Your inugami hits something. Something hits you!
* * * LOW HITPOINT WARNING * * *
Your inugami closely misses something.
Casting: Call Imp (safe; 3% risk of failure)
Confirm with . or Enter, or press ? or * to list all spells.
You blink.
Casting: Blink (safe; 1% risk of failure)
Confirm with . or Enter, or press ? or * to list all spells.
A tiny devil pulls itself out of the air.
Aiming: Bolt of Light
Press: ? - help, Shift-Dir - straight line The bolt of light hits something!!
Something hits you!
You die...

#..... ###...... .
##.......##.
#.<....###.. ##
#..###.#..# ##.
#####..##..>..##
###..##..#.)..........
.##...........#..)..#...
......5h{...######......
.......###h.######......
.....###................
.....##.#.h.........#.##
.#......#..........##...
##................###..
#........[............
##....##..............
.................####..


You could see a friendly cerulean imp (summoned) and a friendly inugami
(summoned).

Vanquished Creatures
  A hornet (D:5)
  A wyvern (D:7)
  Eustachio (D:4)
  An ice beast (D:5)
  A black bear (D:5)
  5 ogres
  A phantom (D:5)
  A kobold brigand (D:7)
  2 bullfrogs (D:7)
  A scorpion (D:5)
  2 wights (D:7)
  5 killer bees
  2 howler monkeys (D:7)
  3 orc priests
  A jelly (D:5)
  7 hounds
  An iguana (D:4)
  3 orc wizards
  6 gnolls
  8 adders
  2 white imps (D:7)
  2 bombardier beetles (D:4)
  4 dart slugs
  12 orcs
  8 endoplasms
  3 giant cockroaches
  10 goblins
  9 hobgoblins
  2 quokkas
  8 ball pythons
  7 bats
  15 kobolds
  6 rats
141 creatures vanquished.

Vanquished Creatures (collateral kills)
  A wight (D:7)
  A killer bee (D:7)
  A howler monkey (D:7)
  An orc (D:7)
  2 kobolds (D:7)
6 creatures vanquished.

Grand Total: 147 creatures vanquished

Notes
Turn   | Place    | Note
-------+----------+-------------------------------------------
     0 | D:1      | Rennog the Gnoll Wanderer began the quest for the Orb.
     0 | D:1      | Rennog set off with the following items: a +2 spear, a +0
                  | cloak, a scroll of fear, a +0 robe; and the following spell
                  | memorised: Apportation; and the following spells available
                  | to memorise: Volatile Blastmotes.
     0 | D:1      | Reached XP level 1. HP: 17/17 MP: 6/6
   216 | D:1      | Reached XP level 2. HP: 23/23 MP: 7/7
   861 | D:2      | Reached skill level 5 in Spellcasting
   861 | D:2      | Reached XP level 3. HP: 18/28 MP: 7/9
   930 | D:2      | Identified the +1 robe "Jangaf Ungodd" {Will- Dex+4}
  1023 | D:2      | Reached skill level 1 in Invocations
  1086 | D:2      | Reached skill level 1 in Short Blades
  1086 | D:2      | Reached skill level 1 in Long Blades
  1086 | D:2      | Reached skill level 1 in Axes
  1086 | D:2      | Reached skill level 1 in Maces & Flails
  1086 | D:2      | Reached skill level 1 in Staves
  1086 | D:2      | Reached skill level 1 in Ranged Weapons
  1086 | D:2      | Reached skill level 1 in Throwing
  1086 | D:2      | Reached skill level 1 in Armour
  1086 | D:2      | Reached skill level 1 in Stealth
  1086 | D:2      | Reached skill level 1 in Shields
  1086 | D:2      | Reached skill level 1 in Unarmed Combat
  1086 | D:2      | Reached skill level 1 in Evocations
  1196 | D:2      | Reached skill level 1 in Shapeshifting
  1196 | D:2      | Reached XP level 4. HP: 34/34 MP: 11/11
  1257 | D:2      | Found Unevev's Book Shoppe.
  1691 | D:3      | Reached skill level 1 in Conjurations
  1691 | D:3      | Reached skill level 1 in Hexes
  1691 | D:3      | Reached skill level 1 in Summonings
  1691 | D:3      | Reached skill level 1 in Necromancy
  1691 | D:3      | Reached skill level 1 in Fire Magic
  1691 | D:3      | Reached skill level 1 in Ice Magic
  1691 | D:3      | Reached skill level 1 in Air Magic
  1691 | D:3      | Reached skill level 1 in Earth Magic
  1691 | D:3      | Reached skill level 1 in Alchemy
  1888 | D:3      | Reached XP level 5. HP: 35/40 MP: 12/12
  2383 | D:4      | HP: 2/41 [iguana (14)]
  2544 | D:4      | Found a bloodstained altar of Trog.
  2552 | D:4      | Noticed an ogre
  2597 | D:4      | Noticed Eustachio
  2613 | D:4      | Killed Eustachio
  2614 | D:4      | Reached XP level 6. HP: 43/47 MP: 14/14
  2752 | D:5      | Entered Level 5 of the Dungeon
  2827 | D:5      | Reached XP level 7. HP: 43/52 MP: 15/15
  3029 | D:5      | Found a radiant altar of Vehumet.
  3302 | D:5      | Noticed a hornet
  3389 | D:5      | Found a snail-covered altar of Cheibriados.
  3404 | D:5      | Reached skill level 9 in Polearms
  3453 | D:5      | Became a worshipper of Cheibriados the Contemplative
  3713 | D:5      | Killed a hornet
  3714 | D:5      | Reached XP level 8. HP: 60/60 MP: 16/16
  4258 | D:4      | Reached * piety under Cheibriados
  4524 | D:6      | Found a shimmering altar of Xom.
  4759 | D:6      | Found an opulent altar of Gozag.
  4861 | D:6      | Found a white marble altar of Elyvilon.
  4896 | D:6      | Reached skill level 5 in Translocations
  5052 | D:6      | Found a faded altar of an unknown god.
  5052 | D:6      | Found a hazy altar of Hepliaklqana.
  5054 | D:6      | Found a faded altar of an unknown god.
  5073 | D:6      | Reached XP level 9. HP: 66/66 MP: 18/18
  5627 | D:7      | Reached skill level 5 in Fighting
  5627 | D:7      | Reached skill level 5 in Dodging
  5668 | D:7      | Learned a level 2 spell: Blink
  5672 | D:7      | Learned a level 3 spell: Call Canine Familiar
  5712 | D:7      | Reached ** piety under Cheibriados
  5797 | D:7      | Learned a level 2 spell: Call Imp
  5848 | D:7      | Reached skill level 5 in Invocations
  5866 | D:7      | HP: 2/68 [something (2)]
  5882 | D:7      | HP: 2/68 [something (7)]
  6153 | D:7      | Reached *** piety under Cheibriados
  6207 | D:7      | Slain by an unseen horror

Illustrated notes

Levels and vault maps discovered:
D:1:      reono_arrival_mine, layout_loops_ring
D:2:      layout_basic, serial_shops, nicolae_diamond_shop
D:3:      layout_basic, nicolae_half_adder
D:4:      layout_rooms, mainiacjoe_overflow_boulevard, uniq_eustachio
D:5:      minmay_chambers_of_fours, layout_basic, vehumet_crystals,
          lemuel_tele_altar
D:6:      layout_basic, kennysheep_little_box,
          nicolae_hepliaklqana_ecumenical_no_more,
          mainiacjoe_overflow_large_starburst
D:7:      layout_cave_pools, nicolae_yredelemnul_ghost_church,
          minmay_temple_entry_stoned_glass

Skill      XL: |  1  2  3  4  5  6  7  8  9 |
---------------+----------------------------+-----
Spellcasting   | 5 6 |  6.8
Invocations    | 1 2 3 4 5 |  5.0
Short Blades   | 1 2 3 4 |  4.5
Long Blades    | 1 2 3 4 |  4.5
Axes           | 1 2 3 4 |  4.5
Maces & Flails | 1 2 3 4 |  4.5
Staves         | 1 2 3 4 |  4.5
Ranged Weapons | 1 2 3 4 |  4.5
Throwing       | 1 2 3 4 |  4.5
Armour         | 1 2 3 4 |  4.5
Stealth        | 1 2 3 4 |  4.5
Shields        | 1 2 3 4 |  4.5
Unarmed Combat | 1 2 3 4 |  4.5
Evocations     | 1 2 3 4 |  4.5
Shapeshifting  | 1 2 3 4 |  4.1
Conjurations   | 1 2 3 |  3.8
Hexes          | 1 2 3 |  3.8
Summonings     | 1 2 3 |  3.8
Necromancy     | 1 2 3 |  3.8
Fire Magic     | 1 2 3 |  3.8
Ice Magic      | 1 2 3 |  3.8
Air Magic      | 1 2 3 |  3.8
Earth Magic    | 1 2 3 |  3.8
Alchemy        | 1 2 3 |  3.8
Fighting       | 3 4 5 |  5.3
Dodging        | 3 4 5 |  5.3
Translocations | 4 5 |  5.4
Polearms       | 9 |  9.7

Action                     |  1- 3 |  4- 6 |  7- 9 || total
---------------------------+-------+-------+-------++-------
  Melee: Spear             |    96 |   166 |   328 ||   590
         Bite              |     3 |    14 |    33 ||    50
         Punch             |     1 |     3 |     9 ||    13
  Throw: Javelin           |       |     1 |     7 ||     8
         Throwing net      |       |       |     3 ||     3
         Dart              |       |       |     3 ||     3
   Cast: Call Canine Famil |       |       |     6 ||     6
         Call Imp          |       |       |     5 ||     5
         Blink             |       |       |     3 ||     3
  Evoke: Wand              |       |       |     3 ||     3
    Use: Scroll            |       |     2 |     1 ||     3
   Stab: Sleeping          |     3 |     3 |     9 ||    15
         Invisible         |       |       |     4 ||     4
         Distracted        |       |       |     3 ||     3
         Held in net/web   |       |       |     1 ||     1
 Armour: Robe              |    15 |    38 |    90 ||   143
  Dodge: Dodged            |    41 |    80 |   168 ||   289
   Form: Beast             |     1 |       |     1 ||     2
                           |       |       |     1 ||     1

Table legend: (Time is in decaauts)
 A = Elapsed time spent in this place.
 B = Non-inter-level travel time spent in this place.
 C = Inter-level travel time spent in this place.
 D = Time resting spent in this place.
 E = Time spent auto-exploring this place.
 F = Levels seen in this place.
 G = Mean time per level.
                   A        B        C        D        E       F      G
               +--------+--------+--------+--------+--------+-----+--------+
         Total |   6547 |   5896 |    651 |    448 |   4328 |   7 |  935.3 |
       Dungeon |   6547 |   5896 |    651 |    448 |   4328 |   7 |  935.3 |
               +--------+--------+--------+--------+--------+-----+--------+

Top non-repeatable levels by time:
     D:6: 1627 daAuts
     D:5: 1294 daAuts
     D:4: 844 daAuts
     D:1: 817 daAuts
     D:3: 789 daAuts
     D:2: 745 daAuts
     D:7: 429 daAuts
